 Dungeon Crawl Stone Soup version 0.22.0-6-g71bd7aa (webtiles) character file.

122 digijack the Conjurer (level 4, 0/35 HPs)
             Began as a Demigod Conjurer on Aug 15, 2018.
             Succumbed to a scorpion's poison
             ... on level 4 of the Dungeon.
             The game lasted 00:20:25 (3817 turns).

digijack the Conjurer (Demigod Conjurer)            Turns: 3817, Time: 00:20:25

Health: 0/35       AC:  3    Str: 10 (11) XL:     4   Next: 50%
Magic:  2/10       EV: 12    Int: 17 (19) God:
Gold:   202        SH:  0    Dex: 15 (18) Spells: 4/7 levels left

rFire    . . .     SeeInvis .   h - +0 whip
rCold    . . .     Gourm    .   (no shield)
rNeg     . . .     Faith    .   b - +0 robe
rPois    +         Spirit   .   (no helmet)
rElec    .         Reflect  .   j - +0 cloak
rCorr    .         Harm     .   (no gloves)
MR       .....                  (no boots)
Stlth    ++........             (no amulet)
HPRegen  0.11/turn              g - ring of poison resistance
MPRegen  0.12/turn              (no ring)

@: lethally poisoned (0 -> -13)
A: high mp 1
a: no special abilities


You were on level 4 of the Dungeon.
You were hungry.

You visited 1 branch of the dungeon, and saw 4 of its levels.

You collected 202 gold pieces.

Inventory:

Hand Weapons
 h - a +0 whip (weapon)
Missiles
 e - 62 stones (quivered)
Armour
 b - a +0 robe (worn)
 j - a +0 cloak (worn)
Jewellery
 g - a ring of poison resistance (left hand)
Scrolls
 a - a scroll of teleportation
 f - a scroll of magic mapping
 k - a scroll of identify
Comestibles
 c - 4 rations


   Skills:
 + Level 1.6 Fighting
 - Level 1.4 Armour
 + Level 1.7 Dodging
 + Level 2.6 Stealth
 + Level 2.4 Spellcasting
 + Level 4.1 Conjurations


You had 4 spell levels left.
You knew the following spells:

 Your Spells              Type           Power        Failure   Level  Hunger
a - Magic Dart            Conj           ###.         3%          1    #......
b - Searing Ray           Conj           ###...       5%          2    ##.....

Your spell library contained the following spells:

 Spells                   Type           Power        Failure   Level  Hunger
 Iskenderun's Mystic Bla  Conj           ###.....     34%         4    #####..
 Fulminant Prism          Conj/Hex       #.........   61%         4    #####..
 Dazzling Spray           Conj/Hex       #.....       24%         3    ###....
 Force Lance              Conj/Tloc      #.......     61%         4    #####..


Dungeon Overview and Level Annotations

Branches:
Dungeon (4/15)
 Temple: D:4-7


Innate Abilities, Weirdness & Mutations

You have an increased reservoir of magic. (+10% MP)


Message History

You feel sick. The scorpion stings you.
* * * LOW HITPOINT WARNING * * *
* * * LOW HITPOINT WARNING * * *
You feel sick.
There is a stone staircase leading down here.
As you read the scroll of teleportation, it crumbles to dust.
You feel strangely unstable.
* * * LOW HITPOINT WARNING * * *
You feel sick. The scorpion stings you.
* * * LOW HITPOINT WARNING * * *
You are more poisoned.
The scorpion poisons you!
* * * LOW HITPOINT WARNING * * *
You feel sick.
* * * LOW HITPOINT WARNING * * *
You feel sick.
* * * LOW HITPOINT WARNING * * *
You feel sick.
Your surroundings suddenly seem different.
You die... # # #.###.# #..@..# #######

There were no monsters in sight!

Vanquished Creatures
  A hound (D:3)
  An adder (D:3)
  4 worms
  2 dart slugs
  2 leopard geckos
  6 orcs (D:3)
  4 bats
  2 giant cockroaches
  8 goblins
  5 hobgoblins
  2 jackals (D:1)
  12 kobolds
  3 quokkas
  A ball python skeleton (D:4)
  2 frilled lizards (D:3)
  5 rats
60 creatures vanquished.

Notes
Turn   | Place    | Note
-------+----------+-------------------------------------------
     0 | D:1      | digijack the Demigod Conjurer began the quest for the Orb.
     0 | D:1      | Reached XP level 1. HP: 14/14 MP: 5/5
   168 | D:1      | Reached XP level 2. HP: 22/22 MP: 0/7
   877 | D:2      | Reached skill level 1 in Fighting
  1348 | D:2      | Reached XP level 3. HP: 16/28 MP: 0/8
  1918 | D:3      | Reached skill level 1 in Armour
  2202 | D:3      | Learned a level 2 spell: Searing Ray
  2526 | D:3      | Reached skill level 4 in Conjurations
  2907 | D:3      | Reached XP level 4. HP: 21/35 MP: 0/10
  3123 | D:3      | Found an opulent altar of Gozag.
  3816 | D:4      | HP: 1/35 [poisoned by a scorpion]
  3817 | D:4      | Succumbed to a scorpion's poison

Skill      XL: |  1  2  3 |
---------------+----------+-----
Stealth        | 2 |  2.6
Spellcasting   | 2 |  2.4
Fighting       | 1 |  1.6
Armour         | 1 |  1.4
Conjurations   | 4 |  4.1
Dodging        | |  1.7

Action                   |  1- 3 |  4- 6 || total
-------------------------+-------+-------++-------
Melee: Unarmed           |    15 |       ||    15
       Whip              |    43 |     4 ||    47
Throw: Stone             |    32 |       ||    32
 Cast: Magic Dart        |   104 |    15 ||   119
       Searing Ray       |     2 |     5 ||     7
  Use: Scroll            |     8 |     1 ||     9
       Potion            |     3 |     1 ||     4
  Eat: Chunk             |     7 |     3 ||    10
Armor: Robe              |     6 |     2 ||     8
       Ring mail         |    17 |     1 ||    18
Dodge: Dodged            |    33 |     8 ||    41
